 Dungeon Crawl Stone Soup version 0.29-a0-219-g0a02b1cf4f (webtiles) character file.

Game seed: 15477003944831105944

30623 dolemite99 the Basher (level 11, -7/106 (108) HPs)
             Began as a Deep Dwarf Hunter on Feb 26, 2022.
             Was the Champion of Ru.
             Killed from afar by a lindwurm (27 damage)
             ... with a blast of flame
             ... on level 6 of the Lair of Beasts.
             The game lasted 00:48:11 (17450 turns).

dolemite99 the Basher (Deep Dwarf Hunter)          Turns: 17450, Time: 00:48:12

HP:   -7/106 (108)  AC: 20    Str: 16    XL:     11   Next: 21%
MP:   4/4           EV: 14    Int: 13    God:    Ru [******]
Gold: 533           SH:  0    Dex: 17    Spells: 10/10 levels left

rFire   . . .      SeeInvis .   b - +3 morningstar
rCold   x . .      Faith    +   (no shield)
rNeg    . . .      Spirit   .   y - +1 scale mail of the Dropbear {rF+}
rPois   .          Reflect  .   s - +0 helmet
rElec   .          Harm     .   v - +2 cloak
rCorr   .          Rampage  .   i - +2 pair of gloves
Will    +....                   (no boots)
Stlth   +.........              H - amulet of faith
HPRegen 0.00/turn               j - +4 ring of protection {=R}
MPRegen 0.09/turn               (no ring)

@: unable to drink, lightly drained
A: damage resistance, heal wounds, sense surroundings 2, inability to drink
while threatened, hated by all, inexperienced 1, temperature sensitive, no
regeneration
a: Heal Wounds, Renounce Religion, Draw Out Power, Power Leap, Apocalypse


You were on level 6 of the Lair of Beasts.
You worshipped Ru.
Ru was exalted by your worship.
You visited 3 branches of the dungeon, and saw 15 of its levels.

You collected 1229 gold pieces.
You spent 696 gold pieces at shops.

Inventory:

Hand Weapons
 a - a +5 hand crossbow of venom
 b - a +3 morningstar (weapon)
 l - a +4 vorpal spear
 o - a +1 dagger of venom
 N - a +0 whip of electrocution
Missiles
 e - 65 poisoned darts
 f - 4 throwing nets
 A - 305 stones
Armour
 h - a scarf of repulsion
 i - a +2 pair of gloves (worn)
 s - a +0 helmet (worn)
 v - a +2 cloak (worn)
 y - the +1 scale mail of the Dropbear (worn) {rF+}
   (You bought it in a shop on level 2 of the Dungeon)

   rF:        It protects you from fire.
Magical Staves
 w - a staff of air
 L - a staff of fire
Jewellery
 c - the ring of Esushroo {rPois EV+4 Int+6}
   (You acquired it on level 8 of the Dungeon)

   [ring of evasion]

   EV:        It affects your evasion (+4).
   Int:       It affects your intelligence (+6).
   rPois:     It protects you from poison.
 d - a ring of protection from fire
 j - a +4 ring of protection (left hand) {=R}
 p - a ring of wizardry
 G - a ring of ice
 H - an amulet of faith (around neck)
Wands
 x - a wand of polymorph (6)
 C - a wand of iceblast (1)
 K - a wand of digging (6)
Scrolls
 k - 7 scrolls of teleportation
 t - 5 scrolls of fog
 z - a scroll of enchant weapon
 B - a scroll of immolation
Potions
 g - 7 potions of curing
 m - a potion of magic
 n - 2 potions of haste
 q - 2 potions of might
 r - a potion of flight
 u - a potion of attraction
 D - 2 potions of berserk rage
 E - 2 potions of lignification
 F - a potion of resistance
 I - a potion of cancellation
 J - a potion of invisibility


   Skills:
 + Level 9.9 Fighting
 - Level 3.0 Short Blades
 * Level 13.2 Maces & Flails
 - Level 9.2 Crossbows
 - Level 7.2 Armour
 + Level 9.8 Dodging
 - Level 1.2 Stealth
 - Level 9.6 Evocations


You had 10 spell levels left.
You didn't know any spells.
Your spell library contained the following spells:

 Spells                   Type           Power      Damage    Failure   Level
 Beastly Appendage        Tmut           0%         N/A       67%         1
 Foxfire                  Conj/Fire      0%         2x1d4     67%         1
 Freeze                   Ice            0%         1d3       67%         1
 Blink                    Tloc           0%         N/A       82%         2
 Ensorcelled Hibernation  Hex/Ice        0%         N/A       82%         2
 Wereblood                Tmut           0%         N/A       82%         2
 Conjure Flame            Conj/Fire      0%         6-21      96%         3
 Frozen Ramparts          Ice            0%         1d2       96%         3
 Inner Flame              Hex/Fire       0%         N/A       96%         3
 Spider Form              Tmut/Pois      0%         N/A       96%         3
 Anguish                  Hex/Necr       0%         N/A       100%        4
 Flame Wave               Conj/Fire      0%         2d4       100%        4
 Hailstorm                Conj/Ice       0%         3d3       100%        4
 Manifold Assault         Tloc           0%         N/A       100%        5
 Dispersal                Tloc           0%         N/A       100%        6
 Storm Form               Tmut/Air       0%         N/A       100%        7
 Disjunction              Tloc           0%         N/A       100%        8


Dungeon Overview and Level Annotations

Branches:
Dungeon (8/15)             Temple (1/1) D:4            Lair (6/6) D:8
 Shoals (0/4) Lair:4       Spider (0/4) Lair:2
  Slime: Lair:5-6

Altars:
Ashenzari
Cheibriados
Dithmenos
Elyvilon
Fedhas
Gozag
Hepliaklqana
Kikubaaqudgha
Makhleb
Nemelex Xobeh
Qazlal
Ru
Sif Muna
Trog
Uskayaw
Vehumet
Wu Jian
Yredelemnul
Zin
The Shining One

Shops:
D:2 :*!=[   D:4 :   D:5 =


Innate Abilities, Weirdness & Mutations

You are resistant to damage.
You can heal yourself by infusing magical energy.
You passively map the area around you.
You sometimes lose the ability to drink potions when taking damage.
You are hated by all.
You are somewhat inexperienced. (-2 XL)
You are sensitive to extremes of temperature. (rF-, rC-)
You do not regenerate.


Message History

The hornet is almost dead.
The iceblast engulfs the plant!
The plant begins to die.
The plant is lightly damaged.
You hear an angry buzzing noise.
A nearby plant withers and dies.
A lindwurm comes into view.
The hornet stings the plant.
The plant begins to die.
The hornet barely misses you.
Okay, then.
The hornet misses you.
The hornet stings you but does no damage.
A nearby plant withers and dies.
The hornet barely misses you.
Your +5 hand crossbow of venom stops dripping with poison.
b - a +3 morningstar (weapon)
The hornet is stunned by your conviction and fails to attack.
You hit the hornet but do no damage.
The hornet is almost dead.
The hornet stings you but does no damage.
You closely miss the hornet.
The hornet is almost dead.
The hornet barely misses you.
You closely miss the hornet.
The hornet is almost dead.
The hornet is stunned by your conviction and fails to attack.
You barely miss the hornet.
The hornet is almost dead.
The hornet stings you.
* * * LOW HITPOINT WARNING * * *
The hornet misses you.
You puncture the hornet!
You kill the hornet!
You start waiting.
A lindwurm is nearby!
You sock the lindwurm!
The lindwurm is lightly wounded.
You remove the ring of Esushroo {rPois EV+4 Int+6}.
The lindwurm breathes flames at you. The blast of flame hits you!!
You feel threatened and lose the ability to drink potions!
You die...

,, , , ...#
#.....#..## * *
,,..!#* ##...#.#### *
,* * *,#.Py
##.....##### *
####k.P *
##..#######.. * ,,*
##.#††. #....# ##...
..##.#... ###..##
#.... * ........##
##..###....
*#.......####
#....###..# * ,
#.#.P....#@##
###...#'### *, ,
#.###..yk#.# ###...##
* , #* ##..†..###
#[##..⌠# ,** *
#..#.....#####...###
,,
P....##.....#.#...##
* ,
,.....#####........##
.#### ####.P.##.# * *
########


You could see a lindwurm (catching breath) and a hornet.

Vanquished Creatures
  Josephine (Lair:5)
  A fire dragon (Lair:6)
  3 hydras
  A two-headed ogre (D:6)
  2 death yaks (Lair:4)
  Pikel (D:6)
  4 elephants
  Maurice (D:8)
  3 black mambas
  3 torpor snails
  8 cane toads
  Psyche (D:7)
  5 komodo dragons
  Maggie (D:6)
  2 rime drakes
  A kobold demonologist (D:8)
  2 polar bears
  9 blink frogs
  A burning bush (Lair:3)
  Prince Ribbit (D:6)
  Grinder (D:6)
  3 hornets (Lair:6)
  4 dream sheep (Lair:3)
  2 wyverns
  Sigmund (D:2)
  3 wraiths (Lair:5)
  Grum (D:8)
  Eustachio (D:6)
  19 yaks
  2 basilisks
  19 water moccasins
  2 sky beasts
  3 black bears
  A necrophage (D:6)
  12 wolves
  An ogre (D:5)
  5 centaurs
  A phantom (D:6)
  10 kobold brigands
  Blork the orc (D:6)
  13 bullfrogs
  A gnoll sergeant (D:6)
  A scorpion (D:5)
  5 wights (D:6)
  4 orc priests
  A jelly (D:5)
  Crazy Yiuf (D:3)
  2 hounds (D:5)
  Natasha (thrice) (D:3)
  A gnoll shaman (D:3)
  Jessica (D:2)
  12 iguanas
  8 orc wizards
  4 hell rats (Lair:4)
  Robin (D:3)
  21 gnolls
  5 adders
  An ufetubus (D:7)
  A worm (D:2)
  4 dart slugs
  27 orcs
  2 bats
  8 endoplasms
  2 giant cockroaches
  14 goblins
  11 hobgoblins
  6 jackals
  20 kobolds
  2 quokkas
  2 ball pythons
  3 rats
330 creatures vanquished.

Vanquished Creatures (others)
  2 hydras
  2 cane toads
  2 komodo dragons
  A blink frog (Lair:3)
  A yak (Lair:5)
  A kobold brigand (D:8)
  A bullfrog (Lair:4)
  A howler monkey (D:6)
  A hell rat (Lair:3)
  108 fungi
  116 plants
236 creatures vanquished.

Grand Total: 566 creatures vanquished

Notes
Turn   | Place    | Note
-------+----------+-------------------------------------------
     0 | D:1      | dolemite99 the Deep Dwarf Hunter began the quest for the
                  | Orb.
     0 | D:1      | Reached XP level 1. HP: 19/19 MP: 1/1
   127 | D:1      | Reached XP level 2. HP: 26/26 MP: 2/2
   132 | D:1      | Reached skill level 5 in Crossbows
   153 | D:1      | Found a faded altar of an unknown god.
   533 | D:1      | Reached XP level 3. HP: 28/32 MP: 3/3
   617 | D:2      | Found Fudy's Antique Armour Boutique.
   675 | D:2      | Found Sumejalo's Distillery.
   683 | D:2      | Bought a potion of lignification for 30 gold pieces
   723 | D:2      | Found Nuren's Jewellery Boutique.
   725 | D:2      | Noticed Sigmund
   738 | D:2      | Killed Sigmund
   739 | D:2      | Reached XP level 4. HP: 38/39 MP: 4/4
   739 | D:2      | Reached XP level 5. HP: 44/45 MP: 5/5
   806 | D:2      | Noticed Jessica
   814 | D:2      | Killed Jessica
   833 | D:2      | Found Woeg's Assorted Antiques.
   843 | D:2      | Bought a bubbling inky potion for 27 gold pieces
   961 | D:2      | Found Webo's Book Emporium.
  1079 | D:3      | Noticed Robin
  1409 | D:3      | Reached XP level 6. HP: 52/52 MP: 6/6
  1427 | D:3      | Found a bloodstained altar of Trog.
  1603 | D:3      | Killed Robin
  1682 | D:3      | Found a runed translucent door.
  1683 | D:3      | Noticed Crazy Yiuf
  1724 | D:3      | Noticed Natasha
  1736 | D:3      | Killed Natasha
  1806 | D:3      | Noticed Natasha
  1811 | D:3      | Killed Natasha
  1990 | D:3      | Killed Crazy Yiuf
  2154 | D:3      | Noticed Natasha
  2158 | D:3      | Killed Natasha
  2449 | D:4      | Found a staircase to the Ecumenical Temple.
  2517 | D:4      | Reached XP level 7. HP: 38/58 MP: 7/7
  2607 | D:4      | Reached skill level 1 in Short Blades
  3023 | Temple   | Entered the Ecumenical Temple
  3227 | Temple   | Became a worshipper of Ru the Awakened
  3491 | D:4      | Found Jyumn's Book Shop.
  3711 | D:5      | Entered Level 5 of the Dungeon
  4111 | D:5      | Found Kub Zauq's Jewellery Shop.
  4344 | D:2      | Bought a potion of berserk rage for 50 gold pieces
  4344 | D:2      | Bought a potion of lignification for 30 gold pieces
  4344 | D:2      | Bought a potion of lignification for 30 gold pieces
  4640 | D:5      | Reached XP level 8. HP: 47/73 MP: 7/7
  4716 | D:5      | Reached skill level 5 in Fighting
  5206 | D:6      | Gained mutation: You are sensitive to extremes of
                  | temperature. (rF-, rC-) [Ru sacrifice]
  5206 | D:6      | Reached * piety under Ru
  5206 | D:6      | Reached ** piety under Ru
  5270 | D:6      | Noticed Grinder
  5314 | D:6      | Paralysed by Grinder for 5 turns
  5325 | D:6      | Killed Grinder
  5448 | D:6      | Noticed Pikel
  5483 | D:6      | Killed Pikel
  5484 | D:6      | Gained mutation: You passively map the area around you.
                  | [Deep Dwarf growth]
  5484 | D:6      | Reached XP level 9. HP: 47/90 MP: 8/8
  5546 | D:6      | Noticed Prince Ribbit
  5558 | D:6      | Killed Prince Ribbit
  5803 | D:6      | Reached skill level 1 in Armour
  5872 | D:6      | Noticed Eustachio
  5875 | D:6      | Noticed a two-headed ogre
  5900 | D:6      | Killed a two-headed ogre
  5901 | D:6      | Reached skill level 5 in Armour
  5915 | D:6      | Killed Eustachio
  6329 | D:6      | Noticed Maggie
  6336 | D:6      | Killed Maggie
  6481 | D:6      | Reached XP level 10. HP: 35/96 MP: 7/7
  6527 | D:6      | Noticed Blork the orc
  6905 | D:6      | Killed Blork the orc
  7752 | D:6      | Reached skill level 1 in Evocations
  8522 | D:8      | Noticed Psyche
  8657 | D:7      | Killed Psyche
  8658 | D:7      | Reached skill level 5 in Evocations
  8945 | D:8      | Found a staircase to the Lair.
  8978 | D:8      | Noticed Maurice
  9043 | D:8      | Killed Maurice
  9130 | D:8      | Identified a scroll of acquirement
  9130 | D:8      | Acquired the ring of Esushroo {rPois EV+4 Int+6}
  9252 | D:2      | Bought a ring of protection from fire for 250 gold pieces
  9367 | D:8      | Noticed Grum
  9586 | D:8      | Killed Grum
  9723 | D:8      | Gained mutation: You are hated by all. [Ru sacrifice]
  9723 | D:8      | Reached *** piety under Ru
  9971 | D:8      | Reached skill level 1 in Maces & Flails
 10006 | D:8      | Reached skill level 2 in Maces & Flails
 10022 | D:8      | Reached skill level 3 in Maces & Flails
 10127 | Lair:1   | Entered Level 1 of the Lair of Beasts
 10164 | Lair:1   | Reached skill level 4 in Maces & Flails
 10285 | Lair:1   | Noticed a four-headed hydra
 10288 | Lair:1   | Killed a four-headed hydra
 10289 | Lair:1   | Reached XP level 11. HP: 84/106 MP: 5/5
 10296 | Lair:1   | Reached skill level 5 in Maces & Flails
 10449 | Lair:1   | Reached skill level 6 in Maces & Flails
 10780 | Lair:1   | Reached skill level 7 in Maces & Flails
 10836 | Lair:1   | Gained mutation: You sometimes lose the ability to drink
                  | potions when taking damage. [Ru sacrifice]
 10836 | Lair:1   | Reached **** piety under Ru
 10836 | Lair:1   | Reached ***** piety under Ru
 11457 | Lair:2   | Reached skill level 8 in Maces & Flails
 11518 | Lair:2   | Noticed a seven-headed hydra
 11542 | Lair:2   | Killed a seven-headed hydra
 11869 | Lair:2   | Reached skill level 9 in Maces & Flails
 11910 | Lair:2   | Found a hole to the Spider Nest.
 12620 | Lair:3   | Reached skill level 10 in Maces & Flails
 13069 | Lair:3   | Reached skill level 11 in Maces & Flails
 13069 | Lair:3   | Reached XP level 12. HP: 31/107 MP: 5/5
 13557 | Lair:3   | HP: 4/106 [black mamba (12)]
 13563 | Lair:3   | Reached skill level 12 in Maces & Flails
 13572 | Lair:3   | Gained mutation: You are somewhat inexperienced. (-2 XL)
                  | [Ru sacrifice]
 13572 | Lair:3   | Reached XP level 11. HP: 44/95 MP: 4/4
 13572 | Lair:3   | Reached XP level 10. HP: 44/88 MP: 3/3
 13572 | Lair:3   | Reached ****** piety under Ru
 13796 | Lair:4   | Noticed a seven-headed hydra
 13916 | Lair:3   | HP: 2/89 [torpor snail (10)]
 14478 | D:2      | Bought a jasper-encrusted scale mail for 279 gold pieces
 14478 | D:2      | Identified the +1 scale mail of the Dropbear {rF+} (You
                  | bought it in a shop on level 2 of the Dungeon)
 14847 | Lair:4   | Reached skill level 5 in Dodging
 14972 | Lair:4   | Killed a seven-headed hydra
 15375 | Lair:4   | Found a staircase to the Shoals.
 15480 | Lair:4   | Noticed a six-headed hydra
 15635 | Lair:4   | Killed a six-headed hydra
 15755 | Lair:5   | Noticed Josephine
 15765 | Lair:5   | Noticed a five-headed hydra
 15770 | Lair:5   | Killed Josephine
 16270 | Lair:5   | Noticed a death yak
 16271 | Lair:5   | Noticed a death yak
 16295 | Lair:5   | Noticed a death yak
 16305 | Lair:4   | Killed a death yak
 16438 | Lair:5   | Reached XP level 11. HP: 39/102 MP: 4/4
 16997 | Lair:6   | Entered Level 6 of the Lair of Beasts
 17069 | Lair:6   | Reached skill level 13 in Maces & Flails
 17239 | Lair:6   | Found a runed translucent door.
 17239 | Lair:6   | Noticed a fire dragon
 17281 | Lair:6   | Killed a fire dragon
 17450 | Lair:6   | Killed from afar by a lindwurm

Illustrated notes

Levels and vault maps discovered:
D:1:      tarquinn_simple_flora_water_d, layout_basic,
          shapermc_ecumenical_altar_acropolis
D:2:      layout_rooms, serial_shops, shop, nicolae_square_shop,
          nicolae_shop_waterfront, shop, shop, uniq_jessica, uniq_sigmund
D:3:      layout_rooms, bloody_trog, kennysheep_generic_room_9, uniq_natasha,
          uniq_crazy_yiuf_cottage, uniq_robin
D:4:      layout_gridville, minmay_temple_entry_drinking_statues, serial_shops,
          kennysheep_mini_moat
D:5:      layout_basic, serial_shops, shop, grunt_ministairs_1, corner_web_ring,
          st_stairs_6
D:6:      layout_basic, uniq_eustachio, uniq_prince_ribbit1, uniq_pikel,
          uniq_grinder, uniq_blork_the_orc, uniq_maggie
D:7:      layout_rooms
D:8:      layout_basic, due_lair_maze_entry_diamond, special_room
          [special_room_kobold], uniq_maurice, uniq_psyche, uniq_grum
Temple:   mainiacjoe_temple_trianglar_array
Lair:1:   layout_cave_pods
Lair:2:   layout_loops_ring, dummy_spider_entry
Lair:3:   layout_regular_city, evilmike_ambush [evilmike_ambush_outer_doors,
          evilmike_ambush_inner_basic], grunt_megastairs_5
Lair:4:   layout_long_grid, minmay_shoals_entry_centaurs
Lair:5:   layout_roguey, st_stairs_10, lemuel_fruit_fields, uniq_josephine
Lair:6:   hangedman_lair_caniforms_friends, layout_hall_layers, wormcave,
          minmay_slime_entry_oklob_enclosed

Skill      XL: |  1  2  3  4  5  6  7  8  9 10 11 12 |
---------------+-------------------------------------+-----
Crossbows      | 5 7 8 9 |  9.2
Short Blades   | 3 |  3.0
Fighting       | 4 8 9 |  9.9
Armour         | 6 7 |  7.2
Evocations     | 9 |  9.6
Maces & Flails | 4 13 12 | 13.2
Dodging        | 9 |  9.8
Stealth        | |  1.2

Action                   |  1- 3 |  4- 6 |  7- 9 | 10-12 || total
-------------------------+-------+-------+-------+-------++-------
Melee: Dagger            |     3 |     7 |   247 |   221 ||   478
       Punch             |       |       |     2 |    15 ||    17
       Whip              |       |       |       |   323 ||   323
       Morningstar       |       |       |       |   152 ||   152
 Fire: Hand crossbow     |    75 |   147 |   198 |   704 ||  1124
Invok: Sacrifice Resista |       |       |     1 |       ||     1
       Draw Out Power    |       |       |       |    30 ||    30
       Sacrifice Love    |       |       |       |     1 ||     1
       Sacrifice Experie |       |       |       |     1 ||     1
       Sacrifice Drink   |       |       |       |     1 ||     1
 Abil: Heal Wounds       |       |     1 |    15 |    22 ||    38
Evoke: Wand              |       |       |     6 |    92 ||    98
  Use: Potion            |     1 |       |     5 |     4 ||    10
       Scroll            |       |     3 |     6 |    18 ||    27
 Stab: Distracted        |       |       |     1 |     2 ||     3
       Invisible         |       |       |       |     3 ||     3
Armor: Ring mail         |    20 |    31 |    88 |       ||   139
       Skin              |     5 |       |    24 |       ||    29
       Scale mail        |       |       |    74 |   149 ||   223
       Leather armour    |       |       |       |   321 ||   321
Dodge: Dodged            |    26 |    25 |   136 |   733 ||   920

Table legend: (Time is in decaauts)
 A = Elapsed time spent in this place.
 B = Non-inter-level travel time spent in this place.
 C = Inter-level travel time spent in this place.
 D = Time resting spent in this place.
 E = Time spent auto-exploring this place.
 F = Levels seen in this place.
 G = Mean time per level.
                   A        B        C        D        E       F      G
               +--------+--------+--------+--------+--------+-----+--------+
         Total |  17405 |  15540 |   1865 |   4287 |   6379 |  15 | 1160.3 |
       Dungeon |  10134 |   8835 |   1299 |   2499 |   3558 |   8 | 1266.8 |
        Temple |    386 |    363 |     23 |      0 |    345 |   1 |  386.0 |
          Lair |   6884 |   6342 |    542 |   1788 |   2476 |   6 | 1147.3 |
               +--------+--------+--------+--------+--------+-----+--------+

Top non-repeatable levels by time:
     D:6: 2410 daAuts
  Lair:3: 1987 daAuts
     D:4: 1366 daAuts
     D:5: 1303 daAuts
     D:3: 1286 daAuts
     D:8: 1264 daAuts
  Lair:5: 1253 daAuts
  Lair:1: 1131 daAuts
     D:7: 1124 daAuts
  Lair:2: 1102 daAuts
  Lair:4: 989 daAuts
     D:2: 751 daAuts
     D:1: 626 daAuts
  Lair:6: 420 daAuts
  Temple: 386 daAuts
